Map: 2000 애트모스피어 - 래더

Players

Ryung

  • Race: Terran Terran
  • League: Master

PtitDrogo - Winner!

  • Race: Protoss Protoss
  • League: Master

VOD

Have the link to the VOD?

Description

Time

  • Played on: Oct. 21, 2021, 8:01 a.m.
  • Length: 9:37
Show
View Real Time Build Order
Export as new Build Order

Ryung Terran 

Build Orders:  

Get SALT Encoding   

  12  0:00  SCV  
  13  0:12  SCV  
  14  0:17  Supply Depot  
  14  0:24  SCV  
  15  0:38  SCV  
  15  0:40  Barracks  
  16  0:44  Refinery  
  16  0:50  SCV  
  17  1:03  SCV  
  18  1:15  SCV  
  19  1:27  Marine  
  19  1:28  Orbital Command  
  20  1:43  Command Center  
  20  1:52  Factory  
  20  1:56  SCV  
  21  2:03  Barracks Reactor  
  21  2:08  SCV  
  21  2:12  Supply Depot  
  22  2:20  SCV  
  22  2:21  Bunker  
  23  2:26  Refinery  
  23  2:34  SCV  
  24  2:38  Hellion  
  24  2:41  Starport  
  24  2:44  Marine  
  27  2:46  SCV  
  27  2:49  Marine  
  29  2:57  Orbital Command  
  29  3:00  SCV  
  32  3:05  Widow Mine  
  32  3:10  Marine x2  
  34  3:13  SCV  
  34  3:18  Medivac  
  37  3:25  SCV  
  37  3:26  SCV  
  39  3:30  Factory Tech Lab  
  39  3:39  SCV x2  
  41  3:47  Supply Depot  
  41  3:52  SCV x2  
  43  3:58  Barracks, Raven  
  43  4:00  Factory Tech Lab  
  45  4:03  Refinery  
  45  4:06  Supply Depot  
  45  4:07  SCV  
  45  4:08  SCV  
  45  4:09  Marine x2  
  49  4:19  SCV  
  49  4:20  SCV  
  49  4:23  Siege Tank  
  55  4:31  SCV  
  55  4:32  Marine x2  
  55  4:33  SCV  
  58  4:38  Supply Depot  
  58  4:43  SCV  
  59  4:47  SCV  
  59  4:50  Engineering Bay  
  60  4:53  Stimpack  
  60  4:55  SCV  
  60  4:58  Supply Depot  
  61  5:00  Siege Tank  
  61  5:01  SCV  
  61  5:02  Supply Depot  
  61  5:03  Marine  
  61  5:05  Marine  
  61  5:06  Marine  
  68  5:07  SCV  
  68  5:12  Barracks, Starport Reactor  
  69  5:17  SCV  
  69  5:19  SCV, Refinery  
  71  5:21  Terran Infantry Weapons Level 1  
  71  5:26  Marine x3  
  74  5:29  SCV  
  74  5:31  SCV  
  74  5:33  Supply Depot  
  76  5:37  Supply Depot  
  76  5:41  SCV  
  77  5:44  SCV  
  77  5:47  Factory Reactor  
  77  5:48  Marine x3  
  77  5:49  Medivac x2  
  85  5:56  Supply Depot  
  85  5:59  Supply Depot  
  85  6:10  Marine x2, Marauder x2, Combat Shield  
  91  6:20  Command Center  
  91  6:25  Medivac x2  
  95  6:27  Widow Mine x2  
  95  6:31  Marine x2  
  101  6:34  Marauder x2  
  101  6:38  Supply Depot  
  105  6:41  Supply Depot  
  105  6:42  Concussive Shells  
  105  6:49  Marine x2  
  105  6:50  Widow Mine  
  109  6:55  Marauder x2  
  113  7:02  SCV x2  
  113  7:03  Barracks  
  113  7:05  Barracks  
  115  7:10  Marine  
  115  7:11  Marine  
  115  7:16  Marauder x2  
  118  7:26  Widow Mine  
  118  7:27  Widow Mine  
  118  7:28  Marine x2  
  121  7:30  Medivac  
  121  7:32  Medivac  
  125  7:37  SCV  
  125  7:38  Marauder x2, SCV  
  125  7:44  Armory  
  131  7:45  Ghost Academy  
  131  7:48  Marine  
  131  7:49  Marine  
  132  7:55  Orbital Command  
  132  7:57  Barracks Reactor, Barracks Tech Lab  
  130  8:02  SCV x2  
  130  8:03  Missile Turret  
  130  8:06  Viking  
  130  8:08  Viking  
  130  8:11  Widow Mine  
  136  8:14  Widow Mine  
  136  8:17  SCV x2  
  140  8:22  SCV  
  141  8:29  SCV  
  141  8:30  Ghost x2  
  141  8:31  Marine x2  
  148  8:41  Supply Depot  
  148  8:43  Missile Turret  
  148  8:46  Widow Mine x2  
  140  8:54  Marine x2  
  140  8:55  Marine x2  
  116  9:00  Medivac x2  
  98  9:13  Marine x2, Marauder  
  98  9:14  Marauder, Widow Mine  
  98  9:15  Widow Mine  
  98  9:17  SCV x2  
Show
View Real Time Build Order
Export as new Build Order

PtitDrogo Protoss - Winner!

Build Orders: 1 Gate Expand, Blink Stalkers, Zealot Archon 

Get SALT Encoding   

  12  0:00  Probe  
  13  0:12  Probe  
  14  0:17  Pylon  
  14  0:24  Probe (Chrono Boost)  
  15  0:36  Probe (Chrono Boost), Gateway  
  16  0:44  Probe (Chrono Boost)  
  16  0:46  Assimilator  
  17  0:51  Probe  
  18  1:03  Probe  
  19  1:15  Probe  
  20  1:23  Cybernetics Core  
  20  1:32  Nexus  
  20  1:39  Pylon  
  20  1:42  Probe  
  21  1:47  Assimilator  
  21  1:55  Probe  
  21  1:56  Adept (Chrono Boost)  
  24  2:03  Shield Battery  
  24  2:07  Probe  
  25  2:09  Warp Gate  
  25  2:17  Adept (Chrono Boost)  
  25  2:19  Probe  
  28  2:31  Probe  
  28  2:32  Twilight Council  
  30  2:45  Probe (Chrono Boost)  
  30  2:48  Probe (Chrono Boost)  
  31  2:57  Probe (Chrono Boost)  
  31  2:58  Probe (Chrono Boost)  
  32  3:02  Gateway  
  32  3:03  Blink (Chrono Boost)  
  33  3:07  Probe  
  33  3:08  Probe  
  35  3:19  Robotics Facility  
  35  3:21  Gateway  
  35  3:22  Probe  
  35  3:26  Probe  
  37  3:34  Probe, Pylon  
  37  3:38  Probe  
  39  3:47  Probe  
  39  3:48  Pylon  
  40  3:50  Probe  
  41  3:57  Stalker x2  
  41  3:59  Probe  
  41  4:02  Probe  
  47  4:07  Observer  
  48  4:11  Probe  
  48  4:13  Nexus  
  48  4:14  Probe  
  50  4:23  Probe  
  51  4:25  Stalker x2  
  51  4:26  Probe  
  51  4:30  Pylon  
  56  4:33  Observer  
  56  4:35  Probe  
  56  4:38  Pylon  
  58  4:39  Probe  
  58  4:41  Assimilator  
  58  4:44  Assimilator  
  59  4:47  Probe  
  59  4:49  Stalker  
  59  4:50  Stalker  
  65  4:52  Probe  
  65  4:58  Shield Battery  
  66  5:00  Probe  
  66  5:02  Gateway  
  66  5:03  Gateway  
  66  5:11  Probe (Chrono Boost)  
  66  5:14  Probe (Chrono Boost)  
  68  5:15  Charge (Chrono Boost)  
  68  5:23  Probe (Chrono Boost)  
  68  5:26  Probe (Chrono Boost)  
  68  5:27  Probe (Chrono Boost)  
  71  5:29  Sentry  
  71  5:31  Templar Archives  
  71  5:32  Probe (Chrono Boost)  
  71  5:33  Observer, Probe (Chrono Boost)  
  71  5:34  Probe (Chrono Boost)  
  76  5:36  Gateway  
  76  5:37  Gateway  
  76  5:38  Probe (Chrono Boost)  
  76  5:40  Probe  
  76  5:42  Gateway  
  78  5:45  Gateway  
  78  5:47  Observer  
  78  5:48  Probe  
  78  5:49  Probe  
  80  5:56  Pylon  
  81  5:57  Zealot x2  
  81  6:00  Zealot  
  81  6:02  Zealot  
  88  6:07  Immortal  
  92  6:12  Pylon  
  92  6:14  Pylon  
  92  6:17  Shield Battery  
  92  6:24  Zealot x4  
  99  6:27  Probe x2  
  99  6:30  Probe, High Templar  
  104  6:35  Pylon  
  104  6:36  Pylon, High Templar x2  
  108  6:41  Archon  
  108  6:44  Probe, Assimilator  
  108  6:45  Immortal (Chrono Boost), Assimilator  
  113  6:52  Probe  
  113  6:53  Pylon  
  114  6:56  Zealot x4  
  114  6:57  Probe  
  123  7:03  Pylon  
  123  7:12  Stalker x2  
  123  7:13  Stalker x2  
  129  7:17  Zealot x3  
  131  7:26  Zealot, Psionic Storm  
  131  7:27  Warp Prism (Chrono Boost)  
  133  7:35  Forge, High Templar  
  133  7:36  High Templar x2  
  141  7:38  Forge  
  141  7:50  Zealot x4  
  147  8:00  Pylon  
  147  8:06  Zealot  
  147  8:09  Pylon x2  
  147  8:11  Pylon  
  149  8:15  Nexus  
  149  8:16  Pylon  
  149  8:27  High Templar x4  
  149  8:28  Zealot x3  
  149  8:30  Zealot  
  149  8:31  Archon x2  
  163  8:43  Pylon  
  149  8:56  Stalker  
  149  8:57  Stalker x3  
  149  8:59  Zealot x3  
  163  9:04  Stalker  
  163  9:08  Archon  
  163  9:09  Archon  
  114  9:19  Zealot x4  
  114  9:20  Zealot x3  
  101  9:28  Photon Cannon  
  102  9:37  Photon Cannon  
Tags
 
Add a new tag
Caveats
  • Supply blocks, unpowered buildings, or Contaminate may cause inaccurate times.
  • Supply counts are checked every 10 seconds.